[Event "Late-Titled-Tuesday-Blitz-June-25-2024"]
[Site "Chess.com"]
[Date "2024.06.25"]
[Round "8"]
[White "karinachess1"]
[Black "BardArtem"]
[Result "0-1"]
[WhiteElo "2683"]
[BlackElo "2825"]
[TimeControl "180+1"]
[EndTime "15:29:23 PDT"]
[Termination "BardArtem won on time"]

1. d4 d5 2. c4 e6 3. Nc3 Nf6 4. cxd5 Nxd5 5. e4 Nxc3 6. bxc3 c5 7. Nf3 cxd4 8. cxd4 Bb4+ 9. Bd2 Bxd2+ 10. Qxd2 O-O 11.
h4 b6 12. h5 h6 13. Rd1 Ba6 14. Bxa6 Nxa6 15. Rh3 Rc8 16. Rg3 Kh8 17. Ne5 Qh4 18. Qe2 Nb4 19. Rh3 Qg5 20. Rg3 Qh4 21. Rh3 Qe7 22.
Kf1 Rc2 23. Qg4 Nc6 24. Rg3 Rg8 25. Nxc6 Rxc6 26. d5 exd5 27. exd5 Rf6 28. Kg1 Qc5 29. Rf3 Qd6 30. Rxf6 gxf6 31. Qf3 Rg5 32. g3 Kg7 33.
Kg2 b5 34. Qb3 a6 35. Qf3 b4 36. Rd4 a5 37. Rg4 a4 38. Rxg5+ fxg5 39. Qd3 Kf6 40. Qd4+ Ke7 41. Qe4+ Kd7 42. Qf5+ Ke7 43. Qe4+ Kf8 44. Qc4 Kg7 45. Qd4+ Kf8 46. Qc4 Ke8 47.
Qb5+ Ke7 48. Qe2+ Kd8 49. Qb5 a3 50. Qc4 f5 51. Qd3 Qe5 52. f3 Ke7 53. Qc4 Qb2+ 54. Kh3 Qc3 55. Qe2+ Kd6 56. Qb5 g4+ 57. fxg4 fxg4+ 58.
Kxg4 b3 59. Qb6+ Kxd5 60. Qb5+ Kd4 61. axb3 Qb2 62. Qa4+ Kc3 63. Qc4+ Kd2 64. Qd5+ Kc1 65. Qc4+ Kb1 66. Qf1+ Kc2 67. Qe2+ Kxb3 68. Qb5+ Kc2 69. Qc4+ Qc3 70. Qa2+ Kd3 71. Kh3 Kd4 72. Qe2 Kc5 73.
Qe7+ Kc4 74. Qc7+ Kd3 75. Qd6+ Kc2 76. Qg6+ Kb2 77. Qb6+ Ka1 0-1

[Event "Late-Titled-Tuesday-Blitz-June-25-2024"]
[Site "Chess.com"]
[Date "2024.06.25"]
[Round "8"]
[White "ManMish2"]
[Black "alexrustemov"]
[Result "1/2-1/2"]
[WhiteElo "2650"]
[BlackElo "2825"]
[TimeControl "180+1"]
[EndTime "15:31:13 PDT"]
[Termination "Game drawn by 50-move rule"]

1. e4 e6 2. d4 d5 3. Nd2 dxe4 4.
Nxe4 Bd7 5. Nf3 Bc6 6. Bd3 Nd7 7.
O-O Ngf6 8. Qe2 Nxe4 9. Bxe4 Bxe4 10. Qxe4 c6 11. Bg5 Be7 12. Bxe7 Qxe7 13. c4 O-O 14. Rad1 Rad8 15. Rfe1 Rfe8 16. h3 h6 17. a3 a5 18.
Qf4 Nf6 19. Qd2 Qc7 20. b4 axb4 21. axb4 b5 22. Qc2 Qb7 23. Rc1 Rb8 24. Ne5 Rec8 25. Rb1 bxc4 26. Qxc4 Qb5 27. Rec1 Nd5 28. Nxc6 Rb6 29.
Qxb5 Rxb5 30. Rc4 Rc7 31. Rbc1 Rcb7 32. Ne5 f6 33. Rc8+ Kh7 34. Nc6 Nxb4 35. Nxb4 Rxb4 36.
Re1 Rb1 37. Rxb1 Rxb1+ 38. Kh2 Kg6 39. g4 Rd1 40. Rc6 Kf7 41. Rc7+ Kf8 42. Rc8+ Kf7 43. Rc7+ Kg6 44. Rc6 Re1 45. Kg2 h5 46. Kg3 Rg1+ 47. Kf3 Re1 48. Kg3 Kh6 49. f4 Re3+ 50. Kg2 h4 51.
Rd6 Rg3+ 52. Kh2 Rf3 53. Rxe6 Rf2+ 54. Kg1 Rxf4 55. Rd6 Rf3 56. Kg2 Rg3+ 57. Kh2 Rd3 58. Rd7 g6 59. Rd5 Rd2+ 60. Kg1 Kg7 61. Rd7+ Kf8 62.
d5 Ke8 63. Rh7 g5 64. Rh6 Ke7 65. Rh7+ Ke8 66. Rh6 Kf7 67. Rh7+ Kf8 68. Rh8+ Kg7 69. Rd8 Rd3 70. Kg2 Kf7 71. Rd7+ Ke8 72. Rd6 Ke7 73. Re6+ Kf7 74. Rd6 Rg3+ 75. Kh2 Kg6 76. Re6 Rd3 77. Rd6 Rd2+ 78. Kg1 Kf7 79. Rd7+ Ke8 80. Rd6 Ke7 81.
Re6+ Kf7 82. Rd6 Rd3 83. Kg2 Rg3+ 84. Kh2 Rf3 85. Kg2 Rf4 86. Rd7+ Ke8 87. Rh7 Rd4 88. Rh8+ Ke7 89. Rh7+ Kd6 90. Rf7 Rf4 91. Rf8 Kxd5 92. Rd8+ Ke6 93. Re8+ Kf7 94. Ra8 Re4 95. Ra7+ Re7 96.
Ra6 Re2+ 97. Kg1 Rd2 98. Rb6 Ke7 99. Ra6 Rd6 100. Ra8 Ke6 101. Kg2 Ke5 102. Ra4 Rd2+ 103. Kg1 Rd4 104. Ra6 Rd6 105. Ra4 Rd5 106. Kg2 Rd2+ 107. Kg1 Rd4 108. Ra6 Rf4 109. Kg2 Rc4 110. Ra5+ Ke4 111. Rf5 Rc2+ 112. Kg1 Rc6 113. Kg2 Re6 114. Kg1 Kd3 115. Kg2 Ke2 116. Rf2+ Ke1 117. Rf5 Re2+ 118. Kg1 Re3 119. Kg2 Re2+ 120. Kg1 Re6 121. Kg2 Kd2 122. Rf2+ Ke3 123. Rf5 Ke4 124. Kf2 Rc6 125. Kg2 Rc2+ 126. Kg1 Rc3 127. Kg2 Rg3+ 128. Kh2 Rf3 129. Ra5 Rf2+ 130. Kg1 Rf3 131. Kg2 Rg3+ 132. Kh2 Rf3 133. Kg2 Rf4 134. Ra4+ Ke5 135. Ra5+ Ke6 136. Ra6+ Kf7 137. Ra7+ Kg6 138. Ra6 Rd4 139. Rb6 Rd2+ 140. Kg1 Kf7 141. Ra6 Ke7 1/2-1/2

[Event "Late-Titled-Tuesday-Blitz-June-25-2024"]
[Site "Chess.com"]
[Date "2024.06.25"]
[Round "8"]
[White "legendisback1"]
[Black "Jospem"]
[Result "0-1"]
[WhiteElo "3031"]
[BlackElo "3068"]
[TimeControl "180+1"]
[EndTime "15:31:15 PDT"]
[Termination "Jospem won by resignation"]

1. c4 e6 2. Nc3 d5 3. d4 Nf6 4. cxd5 exd5 5. Bg5 Bb4 6. e3 h6 7. Bxf6 Qxf6 8. Qa4+ Nc6 9. Nf3 O-O 10. Be2 Rd8 11. O-O Bf8 12. Rac1 a6 13. Qb3 Ne7 14. Ne5 c6 15.
Na4 Qd6 16. Nb6 Rb8 17. Nxc8 Rdxc8 18. f4 Re8 19. f5 Nc8 20. Bh5 Rxe5 21. dxe5 Qxe5 22.
Bf3 Bd6 23. g3 Ne7 24. f6 gxf6 25. Bg2 Kg7 26. Qc3 Qxc3 27. Rxc3 Be5 28. Rb3 Nc8 29.
Rc1 Ne7 30. Bf1 f5 31. a4 Kg6 32. Bd3 Kf6 33. Kg2 Ke6 34. Rf1 b5 35. axb5 axb5 36.
Ra1 b4 37. Ra6 Bd6 38. Be2 c5 39. Rd3 c4 40. Rd2 Ke5 41. Bf3 Bc5 42. Re2 b3 43. Ra5 Bb4 44. Ra7 Bc5 45. Ra6 Rc8 46. Rxh6 Bd6 47. Rh5 c3 48. bxc3 Rxc3 49. e4 dxe4 50. Rxe4+ Kf6 51. Re2 Ba3 52. Rh8 b2 53. Rb8 Rc1 54.
Rb6+ Kg7 55. Rbxb2 Bxb2 56. Rxb2 Ng6 57. Rf2 Rc5 58. Re2 f4 59. Be4 fxg3 60. hxg3 Ne5 61. Rf2 Ng4 62. Re2 Ne5 63. Bf3 f6 64. Be4 Kh6 65. Rf2 Kg7 66. Rf4 Ra5 67. Rh4 Ra2+ 68. Kh3 Re2 69. Bf5 Nf7 70. Rd4 Re5 71. Bg4 Ng5+ 72.
Kg2 Kg6 73. Rc4 Ra5 74. Rf4 Ra2+ 75. Kf1 Ra3 76. Bf5+ Kg7 77. Kg2 Ra2+ 78. Rf2 Ra5 79. Kg1 Nf7 80. Kg2 Ne5 81. Rf4 Ra2+ 82. Rf2 Ra3 83. Rf4 Kf7 84. Be4 Ke7 85. Bf5 Nf7 86. Re4+ Kf8 87. Rf4 Ng5 88. Rf2 Ke7 89. Rd2 Ra5 90. Re2+ Kf7 91. Bg4 Rc5 92. Rf2 Kg7 93.
Bf5 Nf7 94. Bh3 Nh6 95. Kh2 Kg6 96. Kg2 f5 97. Re2 Kg5 98. Rd2 Rc3 99. Rf2 Re3 100. Kh2 Re5 101. Kg2 Rc5 102. Kh2 Ra5 103. Kg2 Ra7 104. Kh2 Rg7 105. Kg2 Rh7 106. Rf4 Re7 107. Rf2 Re3 108. Kh2 Rc3 109. Kg2 Rc4 110. Rf3 Rb4 111. Rf2 Ng4 112. Bxg4 Kxg4 113. Re2 Rb3 114. Kf2 Rf3+ 115. Ke1 Kxg3 116. Re8 Kf4 117. Ke2 Ra3 118. Kf2 Ra2+ 119. Kf1 Kf3 120. Ke1 Ra1+ 121. Kd2 f4 122. Rf8 Ra4 123. Kd3 Kf2 124. Kd2 f3 125. Rf7 Ra6 126. Kd3 Rd6+ 127. Ke4 Re6+ 128. Kd3 Re8 129. Kd2 Rd8+ 130. Kc2 Ke2 131. Re7+ Kf1 132. Rf7 f2 133. Rf6 Rd5 134. Rf7 Ke2 135. Re7+ Kf3 136. Rf7+ Ke3 137. Rf8 Rd4 138. Re8+ Re4 139. Rf8 Ke2 140. Re8 Rxe8 0-1

[Event "Late-Titled-Tuesday-Blitz-June-25-2024"]
[Site "Chess.com"]
[Date "2024.06.25"]
[Round "9"]
[White "Bryanl106"]
[Black "WindWhistler11"]
[Result "1-0"]
[WhiteElo "2716"]
[BlackElo "2454"]
[TimeControl "180+1"]
[EndTime "15:38:45 PDT"]
[Termination "Bryanl106 won by resignation"]

1. e4 e6 2. d4 d5 3. Nd2 Nf6 4. e5 Nfd7 5. f4 c5 6. c3 Nc6 7. Ndf3 a5 8. Bd3 g6 9. Ne2 b6 10. O-O Ba6 11. g4 Bxd3 12. Qxd3 h5 13. f5 hxg4 14. fxe6 gxf3 15. exf7+ Kxf7 16. Qxf3+ Nf6 17. Qxf6+ Qxf6 18. Rxf6+ Kg7 19. Rxc6 1-0

[Event "Late-Titled-Tuesday-Blitz-June-25-2024"]
[Site "Chess.com"]
[Date "2024.06.25"]
[Round "9"]
[White "th3d4rkness"]
[Black "Juliana_Figueira"]
[Result "0-1"]
[WhiteElo "2244"]
[BlackElo "2020"]
[TimeControl "180+1"]
[EndTime "15:39:19 PDT"]
[Termination "Juliana_Figueira won by resignation"]

1. e4 c5 2. Nc3 d6 3. d4 cxd4 4.
Qxd4 Nc6 5. Qd2 Nf6 6. b3 a6 7. Bb2 e6 8. O-O-O Be7 9. f3 O-O 10. g4 Nxg4 11. fxg4 Bg5 12. Nf3 Bxd2+ 13. Rxd2 Qc7 14.
Bd3 b5 15. h4 Nb4 16. Kb1 Nxd3 17. Rxd3 Bb7 18. g5 b4 19. Nd1 Bxe4 20. Re3 Qxc2+ 0-1

[Event "Late-Titled-Tuesday-Blitz-June-25-2024"]
[Site "Chess.com"]
[Date "2024.06.25"]
[Round "9"]
[White "IndianSchoolOfSuffering"]
[Black "rockstar0902"]
[Result "1-0"]
[WhiteElo "2529"]
[BlackElo "2617"]
[TimeControl "180+1"]
[EndTime "15:39:26 PDT"]
[Termination "IndianSchoolOfSuffering won by resignation"]

1. e4 e5 2. Nf3 Nc6 3. d4 exd4 4. Nxd4 Nf6 5. Nxc6 bxc6 6. e5 Qe7 7. Qe2 Nd5 8.
h4 Qe6 9. c4 Nb6 10. b3 a5 11.
g3 Bb4+ 12. Bd2 Bxd2+ 13. Nxd2 a4 14. Bh3 Qe7 15. O-O O-O 16. Nf3 f6 17. Rae1 axb3 18. axb3 fxe5 19. Nxe5 Qxe5 20. Qxe5 1-0

[Event "Late-Titled-Tuesday-Blitz-June-25-2024"]
[Site "Chess.com"]
[Date "2024.06.25"]
[Round "9"]
[White "josiur"]
[Black "SebbyMeister"]
[Result "1-0"]
[WhiteElo "2474"]
[BlackElo "2267"]
[TimeControl "180+1"]
[EndTime "15:40:13 PDT"]
[Termination "josiur won by resignation"]

1. e4 c5 2. Nf3 e6 3. c3 Nf6 4.
e5 Nd5 5. d4 cxd4 6. cxd4 d6 7.
Bb5+ Bd7 8. Bxd7+ Nxd7 9. O-O Qc7 10. Qe2 dxe5 11. dxe5 Bc5 12. Bd2 O-O 13. Rc1 Qb6 14.
Nc3 Nxc3 15. Bxc3 Rfd8 16. Rc2 Nf8 17. Rac1 Ng6 18. Qe1 Nf4 19. Ba5 Bxf2+ 20. Rxf2 1-0

[Event "Late-Titled-Tuesday-Blitz-June-25-2024"]
[Site "Chess.com"]
[Date "2024.06.25"]
[Round "9"]
[White "WilsonPalencia21"]
[Black "Flawless_Fighter"]
[Result "0-1"]
[WhiteElo "2611"]
[BlackElo "2784"]
[TimeControl "180+1"]
[EndTime "15:40:31 PDT"]
[Termination "Flawless_Fighter won by resignation"]

1. d4 Nf6 2. c4 e6 3. Nf3 d5 4.
Nc3 c5 5. cxd5 Nxd5 6. e4 Nxc3 7. bxc3 cxd4 8. cxd4 Bb4+ 9. Bd2 Bxd2+ 10. Qxd2 O-O 11.
Bc4 Nd7 12. O-O b6 13. Rfe1 Bb7 14. Rad1 Nf6 15. Qf4 Rc8 16. Bd3 Qc7 17. Qh4 h6 18. d5 exd5 19. e5 Ne4 20. Qg4 Rfe8 21. h4 Rcd8 22.
Rc1 Qe7 23. Nd4 Qxe5 24. Nf5 Qf6 25. Rc7 Bc8 26. Bxe4 Bxf5 0-1

[Event "Late-Titled-Tuesday-Blitz-June-25-2024"]
[Site "Chess.com"]
[Date "2024.06.25"]
[Round "9"]
[White "kiwibobo"]
[Black "maurovargas01"]
[Result "1-0"]
[WhiteElo "2345"]
[BlackElo "1964"]
[TimeControl "180+1"]
[EndTime "15:40:43 PDT"]
[Termination "kiwibobo won by resignation"]

1. e4 c6 2. d4 d5 3. Nc3 dxe4 4. Nxe4 Nf6 5. Nxf6+ exf6 6. Bd3 Bd6 7. Qh5 g6 8. Qh6 Bf8 9. Qe3+ Be6 10. Bd2 b5 11.
O-O-O Bg7 12. Nf3 O-O 13. h4 h5 14. Kb1 Kh7 15. Qf4 Nd7 16. Nh2 a5 17. g4 Bh6 18.
Qxh6+ Kg8 19. gxh5 f5 20. hxg6 fxg6 21. Qxg6+ Kh8 22.
Rhg1 Qf6 23. Qh5+ 1-0

[Event "Late-Titled-Tuesday-Blitz-June-25-2024"]
[Site "Chess.com"]
[Date "2024.06.25"]
[Round "9"]
[White "Patricius007"]
[Black "merinasian"]
[Result "1-0"]
[WhiteElo "2576"]
[BlackElo "2406"]
[TimeControl "180+1"]
[EndTime "15:41:13 PDT"]
[Termination "Patricius007 won by resignation"]

1. Nf3 Nf6 2. g3 d5 3. Bg2 c6 4.
O-O Bf5 5. d3 h6 6. Nbd2 e6 7. Re1 Be7 8. e4 Bh7 9. c3 O-O 10. Qb3 Nbd7 11. Qxb7 Nc5 12. Qxc6 Nxd3 13. Re2 dxe4 14. Nd4 e5 15. N4b3 Rc8 16. Qa6 Bc5 17. Nxc5 Rxc5 18. Nxe4 Nxe4 19. Bxe4 f5 20. Bxd3 Qxd3 21.
Qxd3 1-0

[Event "Late-Titled-Tuesday-Blitz-June-25-2024"]
[Site "Chess.com"]
[Date "2024.06.25"]
[Round "9"]
[White "toninhojit"]
[Black "MoldyTofu"]
[Result "1-0"]
[WhiteElo "2507"]
[BlackElo "2051"]
[TimeControl "180+1"]
[EndTime "15:41:37 PDT"]
[Termination "toninhojit won by resignation"]

1. e4 e6 2. d4 d5 3. Nc3 dxe4 4.
Nxe4 Nf6 5. Nxf6+ Qxf6 6. Nf3 h6 7. Be3 Bd6 8. Bc4 O-O 9. Qd2 b6 10.
O-O-O Bb7 11. Kb1 Nd7 12. Rhg1 a6 13. Bb3 b5 14. c3 a5 15. Bc2 b4 16. Qd3 g6 17. Bxh6 Rfb8 18. Bg5 Qg7 19. c4 a4 20. b3 axb3 21. Bxb3 Bc6 22. Bc1 Be7 23. Bb2 Bf6 24.
Rd2 Ba4 25. d5 Bxb3 26. axb3 Bxb2 27. Rxb2 exd5 28. Qxd5 Nf6 29. Qe5 Re8 30. Qc5 Rab8 31. Nd2 Re7 32. Qxe7 1-0

[Event "Late-Titled-Tuesday-Blitz-June-25-2024"]
[Site "Chess.com"]
[Date "2024.06.25"]
[Round "9"]
[White "SpeedofLight0"]
[Black "Arystanner"]
[Result "1-0"]
[WhiteElo "3144"]
[BlackElo "2836"]
[TimeControl "180+1"]
[EndTime "15:41:43 PDT"]
[Termination "SpeedofLight0 won by resignation"]

1. d4 d5 2. Nc3 Nf6 3. Bf4 Bd7 4. f3 e6 5. e4 Bb4 6. e5 Ng8 7. Be3 Ne7 8. f4 c5 9. Nf3 Qa5 10. Bd2 cxd4 11. Nxd4 Nbc6 12. Nb3 Qb6 13. Bd3 Bxc3 14. bxc3 O-O 15. Rb1 Qc7 16. O-O Nf5 17. Qh5 Nce7 18. g4 g6 19. Qh3 Ng7 20. Be1 d4 21. cxd4 Nd5 22. Bh4 b5 23. Bf6 Ne8 24. g5 h5 25.
Nc5 Bc6 26. Nxe6 fxe6 27. Qxe6+ Kh7 28. Bxg6+ Kxg6 29. Bd8+ 1-0

[Event "Late-Titled-Tuesday-Blitz-June-25-2024"]
[Site "Chess.com"]
[Date "2024.06.25"]
[Round "9"]
[White "JulbeNn"]
[Black "MaestroCheck"]
[Result "1-0"]
[WhiteElo "2571"]
[BlackElo "2638"]
[TimeControl "180+1"]
[EndTime "15:41:44 PDT"]
[Termination "JulbeNn won by resignation"]

1. e4 c5 2. Nc3 e6 3. Bc4 a6 4.
a4 Nc6 5. d3 Nf6 6. f4 d5 7.
Ba2 dxe4 8. Nxe4 Be7 9. Nf3 b6 10. O-O Bb7 11. Qe1 O-O 12. Bd2 Nd4 13. Nxd4 Qxd4+ 14. Kh1 Nxe4 15. dxe4 Qxe4 16. Qg3 Qxc2 17. Bc3 Qg6 18.
Qh3 Rfd8 19. f5 exf5 20. Rxf5 Bf6 21. Bxf6 gxf6 22. Rf4 Kh8 23. Rg4 Qc2 24. Bb3 Qd3 25. Qh6 Qg6 26. Rxg6 fxg6 27. Qf4 Bd5 28. Qxf6+ Kg8 29.
Bxd5+ 1-0

[Event "Late-Titled-Tuesday-Blitz-June-25-2024"]
[Site "Chess.com"]
[Date "2024.06.25"]
[Round "9"]
[White "sammartin99"]
[Black "EternalNight8"]
[Result "1-0"]
[WhiteElo "2497"]
[BlackElo "2382"]
[TimeControl "180+1"]
[EndTime "15:41:45 PDT"]
[Termination "sammartin99 won by resignation"]

1. d4 Nf6 2. c4 g6 3. Nf3 Bg7 4. Nc3 d5 5. Bf4 O-O 6. e3 c5 7. Be2 dxc4 8. Bxc4 cxd4 9. Nxd4 Nh5 10. Bg5 h6 11.
Bh4 a6 12. O-O Qc7 13. Bb3 Rd8 14. Nd5 Qa5 15. Nxe7+ Kf8 16. Qf3 f5 17. Nxg6+ Ke8 18. Qxh5 1-0

[Event "Late-Titled-Tuesday-Blitz-June-25-2024"]
[Site "Chess.com"]
[Date "2024.06.25"]
[Round "9"]
[White "UnTucopalaTimba"]
[Black "jinxy2009"]
[Result "0-1"]
[WhiteElo "2118"]
[BlackElo "2254"]
[TimeControl "180+1"]
[EndTime "15:42:06 PDT"]
[Termination "jinxy2009 won by resignation"]

1. e4 c6 2. d4 d5 3. Nc3 dxe4 4.
Nxe4 Nf6 5. Nxf6+ exf6 6. c3 Bd6 7. Bd3 O-O 8. Ne2 Re8 9. O-O Bg4 10. f3 Bh5 11. Qc2 Bg6 12. Nf4 Nd7 13. Nxg6 hxg6 14. Bd2 f5 15. g3 Nf6 16. Rfe1 Qc7 17.
Kg2 c5 18. Be3 f4 19. Bf2 fxg3 20. hxg3 cxd4 21. Bxd4 Bxg3 22. Rh1 Nh5 23. Bxg6 fxg6 24. Qb3+ Qf7 25. Qc2 Re2+ 0-1

[Event "Late-Titled-Tuesday-Blitz-June-25-2024"]
[Site "Chess.com"]
[Date "2024.06.25"]
[Round "9"]
[White "Boudicca64"]
[Black "Sasha_Solovev_777"]
[Result "0-1"]
[WhiteElo "1951"]
[BlackElo "2260"]
[TimeControl "180+1"]
[EndTime "15:42:27 PDT"]
[Termination "Sasha_Solovev_777 won by checkmate"]

1. e4 c5 2. g3 d5 3. exd5 Qxd5 4. Nf3 Nc6 5. Bg2 Bg4 6. O-O Nf6 7. h3 Bh5 8. g4 Bg6 9. Re1 e6 10. Ne5 Be4 11.
Bxe4 Nxe4 12. Nxc6 Qxc6 13. Qf3 Nf6 14. Qxc6+ bxc6 15. Nc3 Be7 16. d3 Nd5 17. Ne4 O-O 18. b3 h6 19. Ba3 Nb4 20. Re2 Rfd8 21. Kf1 a5 22. Ke1 a4 23. Bxb4 cxb4 24. Kd2 axb3 25. cxb3 Rd5 26. Ke3 Rad8 27. Rc1 Rxd3+ 28. Kf4 g5+ 29.
Ke5 R8d5# 0-1

[Event "Late-Titled-Tuesday-Blitz-June-25-2024"]
[Site "Chess.com"]
[Date "2024.06.25"]
[Round "9"]
[White "giomar27"]
[Black "Viktor_Poddubnyi"]
[Result "0-1"]
[WhiteElo "2430"]
[BlackElo "2340"]
[TimeControl "180+1"]
[EndTime "15:42:36 PDT"]
[Termination "Viktor_Poddubnyi won by checkmate"]

1. d4 g6 2. Nc3 Bg7 3. Bf4 d6 4. e3 a6 5. h4 h6 6. Nf3 b5 7.
Bd3 Bb7 8. a3 Nd7 9. h5 g5 10.
Bg3 Ngf6 11. e4 O-O 12. Qd2 c5 13. Nxg5 cxd4 14. Ne2 e5 15. f4 Ng4 16. Nf3 Ne3 17. Kf2 Qe7 18. f5 Nc5 19. Bh4 Bf6 20.
Rag1 Bxe4 21. g4 Bg5 22. Bxg5 hxg5 23. Ng3 Bxf3 24. Kxf3 d5 25. f6 e4+ 26. Kf2 Qxf6+ 27. Ke1 exd3 28. cxd3 Rfe8 29. Ne2 Qf3 30. Rg3 Qxh1+ 31.
Rg1 Qf3 32. Nxd4 Ng2# 0-1

[Event "Late-Titled-Tuesday-Blitz-June-25-2024"]
[Site "Chess.com"]
[Date "2024.06.25"]
[Round "9"]
[White "Grischuk"]
[Black "Zurability"]
[Result "1-0"]
[WhiteElo "3106"]
[BlackElo "2770"]
[TimeControl "180+1"]
[EndTime "15:42:40 PDT"]
[Termination "Grischuk won by resignation"]

1. d4 Nf6 2. c4 e6 3. Bg5 d5 4. e3 Nbd7 5. Nc3 c6 6. Qc2 Qa5 7. Bh4 Bb4 8. Bd3 dxc4 9. Bxc4 e5 10. Nf3 exd4 11. exd4 O-O 12. O-O h6 13. a3 Bd6 14.
Ba2 Qh5 15. Rfe1 b6 16. Ne4 Nxe4 17. Rxe4 Bb7 18. Be7 Bxe7 19. Rxe7 Bc8 20. Qxc6 Rb8 21. Rxd7 1-0

[Event "Late-Titled-Tuesday-Blitz-June-25-2024"]
[Site "Chess.com"]
[Date "2024.06.25"]
[Round "9"]
[White "RaugintaBulba"]
[Black "HajiyevKanan"]
[Result "1-0"]
[WhiteElo "2486"]
[BlackElo "2592"]
[TimeControl "180+1"]
[EndTime "15:42:44 PDT"]
[Termination "RaugintaBulba won by resignation"]

1. d4 a6 2. c4 c6 3. Nf3 d5 4. g3 Nf6 5. Bg2 g6 6. O-O Bg7 7. cxd5 cxd5 8. Ne5 O-O 9. Nc3 Nbd7 10. Nxd5 Nxd5 11.
Bxd5 Nxe5 12. dxe5 Bxe5 13. Bh6 Re8 14. Qb3 e6 15. Bg2 Rb8 16. Rfd1 Qf6 17. h4 b5 18. Bc6 Bb7 19. Bxe8 Rxe8 20. Qd3 Bxb2 21. Rab1 Bd5 22. e4 Bxa2 23. Rxb2 Qxb2 24. Qd8 1-0

[Event "Late-Titled-Tuesday-Blitz-June-25-2024"]
[Site "Chess.com"]
[Date "2024.06.25"]
[Round "9"]
[White "mouseslips_are_the_best"]
[Black "Slovak_fighter2000"]
[Result "0-1"]
[WhiteElo "2365"]
[BlackElo "2511"]
[TimeControl "180+1"]
[EndTime "15:42:46 PDT"]
[Termination "Slovak_fighter2000 won by resignation"]

1. e4 c5 2. Nf3 Nc6 3. d4 cxd4 4. Nxd4 g6 5. c4 Bg7 6. Be3 Nf6 7. Nc3 O-O 8. Be2 d6 9. O-O Nxd4 10. Bxd4 Bd7 11. Qc2 Bc6 12. Rad1 Qc7 13. b3 a6 14. Nd5 Bxd5 15.
exd5 b5 16. Rfe1 bxc4 17. bxc4 Nd7 18. Bxg7 Kxg7 19. Bg4 Nc5 20. h4 Rab8 21. h5 Rb7 22. Qc3+ f6 23. Re2 Na4 24. Qd4 Qc5 25. Qf4 Nc3 26.
h6+ Kh8 27. Rde1 Nxe2+ 28. Rxe2 Rc7 29. Re4 Qb4 30. Qe3 Qb7 31. Be2 Qa7 32. Qc3 Qb6 33. g4 Qb1+ 0-1

[Event "Late-Titled-Tuesday-Blitz-June-25-2024"]
[Site "Chess.com"]
[Date "2024.06.25"]
[Round "9"]
[White "vanyakuba"]
[Black "JuliaEfremova"]
[Result "0-1"]
[WhiteElo "2426"]
[BlackElo "2323"]
[TimeControl "180+1"]
[EndTime "15:42:47 PDT"]
[Termination "JuliaEfremova won by resignation"]

1. e4 d5 2. exd5 Nf6 3. c4 Bg4 4. Qb3 e6 5. h3 Bf5 6. Nf3 exd5 7. d4 Be7 8. Qxb7 Nbd7 9. cxd5 Rb8 10. Qxa7 Nxd5 11.
Nc3 Nb4 12. Kd1 O-O 13. Bc4 c5 14. Bb3 cxd4 15. Na4 Nf6 16. Bf4 Ra8 17. Qb7 Be4 18. Re1 Bxb7 0-1

[Event "Late-Titled-Tuesday-Blitz-June-25-2024"]
[Site "Chess.com"]
[Date "2024.06.25"]
[Round "9"]
[White "Meri-Arabidze"]
[Black "Durarbayli"]
[Result "0-1"]
[WhiteElo "2713"]
[BlackElo "2965"]
[TimeControl "180+1"]
[EndTime "15:42:56 PDT"]
[Termination "Durarbayli won on time"]

1. c4 c6 2. g3 d5 3. Bg2 Nf6 4. Nf3 dxc4 5. O-O Nbd7 6. Qc2 b5 7. b3 cxb3 8. Qxc6 Rb8 9. axb3 a6 10.
Qc2 Bb7 11. Nc3 e6 12. Bb2 Rc8 13. Qb1 Qb6 14. d4 Bb4 15. Rc1 O-O 16. Qd3 Rfd8 17. h3 h6 18. Qe3 Rc7 19. Qf4 Rdc8 20. Na2 Nd5 21. Qg4 f5 22. Qh5 N7f6 23. Qh4 Be7 24.
Ne5 Kh7 25. Rxc7 Rxc7 26. Rc1 g5 27. Bxd5 Bxd5 28. Rxc7 Qxc7 0-1

[Event "Late-Titled-Tuesday-Blitz-June-25-2024"]
[Site "Chess.com"]
[Date "2024.06.25"]
[Round "9"]
[White "Cosi43"]
[Black "K_A_S_T_O_R"]
[Result "0-1"]
[WhiteElo "2700"]
[BlackElo "2863"]
[TimeControl "180+1"]
[EndTime "15:42:57 PDT"]
[Termination "K_A_S_T_O_R won by resignation"]

1. e4 c5 2. Nf3 d6 3. Bb5+ Nd7 4. a4 Nf6 5. Nc3 a6 6. Be2 b6 7. d4 cxd4 8. Qxd4 Bb7 9. O-O e6 10. Rd1 Qc7 11. Nd2 Ne5 12. b3 Be7 13. Nc4 Nxc4 14. Bxc4 O-O 15. Bb2 Rfd8 16. Qe3 d5 17. exd5 exd5 18.
Nxd5 Nxd5 19. Bxd5 Rxd5 20. Rxd5 Bxd5 21. Qd4 Bf6 22.
Qxd5 Rd8 23. Re1 Bxb2 24. Qe4 g6 25. c4 a5 0-1

[Event "Late-Titled-Tuesday-Blitz-June-25-2024"]
[Site "Chess.com"]
[Date "2024.06.25"]
[Round "9"]
[White "Charodej1"]
[Black "bubeliang"]
[Result "0-1"]
[WhiteElo "2516"]
[BlackElo "2793"]
[TimeControl "180+1"]
[EndTime "15:43:01 PDT"]
[Termination "bubeliang won by resignation"]

1. e4 c6 2. Nc3 d5 3. Nf3 dxe4 4. Nxe4 Nf6 5. Nxf6+ exf6 6. Bc4 Bd6 7. Qe2+ Be7 8. h3 O-O 9. O-O Re8 10. Re1 Nd7 11.
d4 Nf8 12. c3 Be6 13. Bd2 Qd7 14. Rad1 Bd6 15. Qf1 Bf5 16. Bd3 Ng6 17. Bxf5 Qxf5 18. Rxe8+ Rxe8 19. Re1 Rxe1 20. Qxe1 Qe6 21. b3 Bf4 22. Bxf4 Nxf4 23. Qd2 Qe4 24. Kh2 g5 25. c4 h5 26. Qe3 Qb1 27. a4 Kf8 28. g3 Nxh3 29. d5 Qf1 30. d6 Nxf2 0-1

[Event "Late-Titled-Tuesday-Blitz-June-25-2024"]
[Site "Chess.com"]
[Date "2024.06.25"]
[Round "9"]
[White "nitpicker"]
[Black "PapaieDudu"]
[Result "0-1"]
[WhiteElo "2332"]
[BlackElo "2453"]
[TimeControl "180+1"]
[EndTime "15:43:01 PDT"]
[Termination "PapaieDudu won on time"]

1. d4 d5 2. c4 e6 3. Nf3 Nf6 4. g3 Be7 5. Bg2 O-O 6. O-O dxc4 7. Ne5 c5 8. dxc5 Qc7 9. Nxc4 Qxc5 10. b3 Nc6 11. Ba3 Nb4 12. Nc3 Rd8 13. Qc1 e5 14.
Na4 Qb5 15. Nc3 Qa6 16. Nxe5 Bf5 17. Bb2 Rac8 18. Qf4 Be6 19. Rfd1 Nfd5 20. Nxd5 Nxd5 21. Bxd5 Rxd5 22. Rxd5 Bxd5 23. Nd3 Be6 24. Qd4 Bf6 25. Qe3 Bxb2 26. Nxb2 h5 27. Na4 Qc6 28. Rd1 b5 29. Nb2 Bh3 30. f3 Re8 31. Qd2 Qc5+ 32. Qd4 Qc2 33.
Qd2 Qc5+ 34. Qd4 Qg5 0-1

[Event "Late-Titled-Tuesday-Blitz-June-25-2024"]
[Site "Chess.com"]
[Date "2024.06.25"]
[Round "9"]
[White "simaopdias"]
[Black "Tigranpatagonian"]
[Result "0-1"]
[WhiteElo "2265"]
[BlackElo "2463"]
[TimeControl "180+1"]
[EndTime "15:43:04 PDT"]
[Termination "Tigranpatagonian won by resignation"]

1. e4 c5 2. Nf3 Nc6 3. d4 cxd4 4. Nxd4 e5 5. Nb5 a6 6. Nd6+ Bxd6 7. Qxd6 Qf6 8.
Qxf6 Nxf6 9. f3 d5 10. exd5 Nxd5 11. c3 Bf5 12. Na3 O-O 13. Bg5 f6 14. Bh4 b5 15.
Rd1 Rfd8 16. Bg3 Ne3 17. Rc1 b4 18. Nc4 Nc2+ 19. Kf2 bxc3 20. bxc3 Rab8 21. Be2 Rd5 22. Rhd1 Rc5 23. Ne3 Nxe3 24. Kxe3 g5 25. Be1 Rb2 26. g4 Be6 27. Bxa6 Rxa2 28. Bb7 Rxh2 29. Rd6 Nd4 30. cxd4 Rxc1 31. Bg3 Rc3+ 0-1

[Event "Late-Titled-Tuesday-Blitz-June-25-2024"]
[Site "Chess.com"]
[Date "2024.06.25"]
[Round "9"]
[White "Piriflillo"]
[Black "chesspilot01"]
[Result "0-1"]
[WhiteElo "2512"]
[BlackElo "2362"]
[TimeControl "180+1"]
[EndTime "15:43:05 PDT"]
[Termination "chesspilot01 won by resignation"]

1. Nf3 Nf6 2. b3 d5 3. Bb2 Bf5 4. e3 e6 5. Ne5 Bd6 6. f4 h5 7. Be2 Nbd7 8. d3 Qe7 9. Nd2 Bc5 10. d4 Bb4 11. a3 Bxd2+ 12. Qxd2 Ne4 13. Qb4 Qh4+ 14.
g3 Nxg3 15. hxg3 Qxh1+ 16. Kd2 Qe4 17. Qxb7 Qxc2+ 18. Ke1 Nxe5 19. Qxa8+ Kd7 20. Qxh8 Nd3+ 21. Kf1 Bh3+ 22. Kg1 Qxe2 0-1